 Dungeon Crawl Stone Soup version 0.23.2-33-g5129a83184 (webtiles) character file.

Game seed: 17029923171307035340

886 Folque the Caller (level 8, 0/56 HPs)
             Began as a Human Summoner on June 27, 2019.
             Killed from afar by an electric eel (15 damage)
             ... with a bolt of electricity
             ... on level 6 of the Dungeon.
             The game lasted 00:29:34 (6468 turns).

Folque the Caller (Human Summoner)                  Turns: 6468, Time: 00:29:35

Health: 0/56       AC:  3    Str:  9    XL:     8   Next: 26%
Magic:  7/14       EV: 13    Int: 18    God:
Gold:   222        SH:  0    Dex: 13    Spells: 2/15 levels left

rFire    . . .     SeeInvis .   k - +0 hunting sling
rCold    . . .     Gourm    .   (no shield)
rNeg     . . .     Faith    .   a - +0 robe
rPois    .         Spirit   .   (no helmet)
rElec    .         Reflect  .   i - +0 cloak
rCorr    .         Harm     .   (no gloves)
MR       .....                  (no boots)
Stlth    ++........             (no amulet)
HPRegen  0.18/turn              (no ring)
MPRegen  0.14/turn              (no ring)

@: no status effects
A: no striking features
a: no special abilities


You were on level 6 of the Dungeon.
You were hungry.

You visited 1 branch of the dungeon, and saw 6 of its levels.

You collected 222 gold pieces.

Inventory:

Hand Weapons
 g - a +0 short sword
 k - a +0 hunting sling (weapon)
 p - a +0 long sword
 w - a +0 hand crossbow
Missiles
 d - 174 stones
 x - 39 sling bullets (quivered)
Armour
 a - a +0 robe (worn)
 i - a +0 cloak (worn)
 s - a +0 cloak
 u - a +0 leather armour
Wands
 y - a wand of polymorph (11)
Scrolls
 b - 3 scrolls of identify
 h - a scroll of enchant armour {unknown}
 j - a scroll of magic mapping {unknown}
 l - a scroll of immolation {unknown}
 o - 2 scrolls of teleportation {unknown}
 v - 4 scrolls of remove curse {unknown}
 B - a scroll of amnesia {unknown}
Potions
 e - 2 potions of brilliance
 f - a potion of heal wounds
 m - a potion of haste
 n - 3 potions of degeneration {unknown}
 q - 4 potions of curing {unknown}
 r - 2 potions of cancellation
 t - 3 potions of might
 A - a potion of flight {unknown}
Comestibles
 c - 9 rations


   Skills:
 - Level 2.0 Fighting
 - Level 2.0 Slings
 - Level 3.0 Dodging
 - Level 2.0 Stealth
 - Level 4.1 Spellcasting
 * Level 6.3 Summonings
 * Level 4.3 Air Magic


You had 2 spell levels left.
You knew the following spells:

 Your Spells              Type           Power        Failure   Level  Hunger
a - Summon Small Mammal   Summ           ####         1%          1    None
b - Call Imp              Summ           ####....     1%          2    ##.....
c - Call Canine Familiar  Summ           ####....     3%          3    ###....
d - Summon Guardian Gole  Hex/Summ       ###.....     12%         3    ###....
e - Summon Lightning Spi  Summ/Air       ###.....     16%         4    ####...

Your spell library contained the following spells:

 Spells                   Type           Power        Failure   Level  Hunger
 Summon Ice Beast         Ice/Summ       ###.....     36%         4    ####...


Dungeon Overview and Level Annotations

Branches:
Dungeon (6/15)
 Temple: D:4-7

Altars:
Cheibriados
Elyvilon
Hepliaklqana
Nemelex Xobeh
Ru

Shops:
D:4 =   D:5 (=%*

Annotations:
D:5 1 runed translucent door, funkygono's ghost, novice FoFi


Message History

The bolt of electricity hits your crimson imp!
The bolt of electricity hits you!
Your crimson imp blinks!
Things that are here:
a cursed -1 dagger; a cursed +0 leather armour The electric eel shoots out a bolt of lightning at you!
The bolt of electricity hits your hound!
The bolt of electricity hits you!
* * * LOW HITPOINT WARNING * * *
The electric eel shoots out a bolt of lightning at you!
The bolt of electricity misses your crimson imp.
The bolt of electricity misses you.
Your hound splashes around in the water.
Your hound closely misses the electric eel.
The electric eel shoots out a bolt of lightning at you!
The bolt of electricity hits your hound!
Your hound dies!
Your hound's corpse disappears in a puff of smoke!
The bolt of electricity hits you!
You die...

....... ...... ..... .#..
....##.#.
........########++########
......#.#≈≈≈≈≈≈≈..†(5≈§;≈#
.......# ≈..............≈#
..#....## ####..).####.≈#
.)##....# #.@..# ≈#
..).....#≈. #....# #
........#≈.####....####.≈#
........#≈..............≈#
........#≈......(.......≈#
........#≈........[.....≈#
........#≈..............≈#
........#≈.####....####.≈#
........#≈. #....# .≈#


You could see an electric eel and a friendly crimson imp.

Vanquished Creatures
  A scorpion (D:4)
  A bullfrog skeleton (D:4)
  Crazy Yiuf (D:3)
  An orc priest (D:6)
  An iguana (D:3)
  A hound skeleton (D:4)
  A worker ant zombie (D:5)
  2 adders (D:4)
  A shadow imp (D:5)
  An adder skeleton (D:4)
  2 leopard geckos
  4 orcs
  2 ball pythons (D:3)
  5 bats
  4 giant cockroaches
  3 goblins
  4 hobgoblins
  4 jackals
  A frilled lizard (D:4)
  4 kobolds
  A quokka skeleton (D:4)
  2 rats
47 creatures vanquished.

Vanquished Creatures (collateral kills)
  Sigmund (D:6)
  An orc warrior (D:6)
  An ice beast (D:5)
  2 ogres
  2 centaurs
  A scorpion (D:4)
  An electric eel (D:6)
  2 hounds
  2 orc wizards
  An orc priest (D:5)
  A centaur skeleton (D:6)
  Terence (D:3)
  Jessica (D:3)
  An iguana (D:6)
  A hound skeleton (D:3)
  3 gnolls (D:4)
  3 adders
  A howler monkey skeleton (D:5)
  3 worms
  2 dart slugs
  2 leopard geckos
  8 orcs
  2 giant cockroaches
  5 goblins
  4 hobgoblins
  13 jackals
  3 kobolds
  A quokka (D:5)
  A ball python skeleton (D:5)
  4 bats
  3 frilled lizards
  2 rats
79 creatures vanquished.

Vanquished Creatures (others)
  A hound (D:6)
  An orc wizard (D:6)
  An adder (D:6)
  A leopard gecko (D:6)
  An orc (D:6)
  A jackal (D:6)
  5 toadstools (D:1)
11 creatures vanquished.

Grand Total: 137 creatures vanquished

Notes
Turn   | Place    | Note
-------+----------+-------------------------------------------
     0 | D:1      | Folque the Human Summoner began the quest for the Orb.
     0 | D:1      | Reached XP level 1. HP: 13/13 MP: 3/3
   404 | D:1      | Reached XP level 2. HP: 18/20 MP: 3/5
   408 | D:1      | Learned a level 2 spell: Call Imp
  1431 | D:1      | Reached XP level 3. HP: 25/25 MP: 3/6
  1436 | D:1      | Learned a level 3 spell: Call Canine Familiar
  1564 | D:2      | Reached skill level 1 in Fighting
  1812 | D:2      | Found a snail-covered altar of Cheibriados.
  1896 | D:2      | Found a hazy altar of Hepliaklqana.
  2181 | D:3      | Reached XP level 4. HP: 30/32 MP: 2/8
  2605 | D:3      | Found a runed translucent door.
  2606 | D:3      | Noticed Crazy Yiuf
  2671 | D:3      | Killed Crazy Yiuf
  2993 | D:3      | Reached skill level 1 in Slings
  3018 | D:3      | Reached XP level 5. HP: 33/37 MP: 5/10
  3040 | D:3      | Noticed Jessica
  3049 | D:3      | Killed Jessica
  3276 | D:3      | Noticed Terence
  3299 | D:3      | Killed Terence
  3671 | D:4      | Found Sogooph's Jewellery Emporium.
  3691 | D:4      | Reached XP level 6. HP: 24/44 MP: 7/11
  3696 | D:4      | Learned a level 3 spell: Summon Guardian Golem
  3836 | D:4      | Found a white marble altar of Elyvilon.
  3883 | D:4      | Learned a level 4 spell: Summon Lightning Spire
  4342 | D:4      | Reached skill level 5 in Summonings
  4432 | D:4      | Found a sparkling altar of Nemelex Xobeh.
  4742 | D:5      | Entered Level 5 of the Dungeon
  4760 | D:5      | Reached skill level 1 in Air Magic
  4760 | D:5      | Reached XP level 7. HP: 32/50 MP: 5/13
  4858 | D:5      | Found Nekleunk's Jewellery Shoppe.
  5003 | D:5      | Found Jeturena's Assorted Antiques.
  5239 | D:5      | Found a runed translucent door.
  5239 | D:5      | Noticed funkygono's ghost (novice FoFi)
  5353 | D:5      | Found Haushi's Weapon Shoppe.
  5449 | D:5      | Found Matogahol's Food Boutique.
  5511 | D:5      | Found Deckodar's Book Boutique.
  5827 | D:6      | Found a sacrificial altar of Ru.
  5936 | D:6      | Noticed Sigmund
  5952 | D:6      | Killed Sigmund
  5952 | D:6      | Reached skill level 6 in Summonings
  5952 | D:6      | Reached XP level 8. HP: 31/56 MP: 11/14
  6468 | D:6      | Killed from afar by an electric eel

Skill      XL: |  1  2  3  4  5  6  7  8 |
---------------+-------------------------+-----
Fighting       | 1 2 |  2.0
Spellcasting   | 3 4 |  4.1
Slings         | 1 2 |  2.0
Summonings     | 5 6 |  6.3
Air Magic      | 1 3 4 |  4.3
Dodging        | 3 |  3.0
Stealth        | |  2.0

Action                   |  1- 3 |  4- 6 |  7- 9 || total
-------------------------+-------+-------+-------++-------
Melee: Unarmed           |    76 |       |       ||    76
       Short sword       |    30 |    23 |       ||    53
       Long sword        |       |    57 |    43 ||   100
 Fire: Hunting sling     |    20 |    40 |    24 ||    84
Throw: Stone             |     5 |       |       ||     5
 Cast: Summon Small Mamm |    28 |       |       ||    28
       Call Canine Famil |     6 |    14 |    12 ||    32
       Call Imp          |     2 |    22 |    14 ||    38
       Summon Lightning  |       |     1 |     8 ||     9
       Summon Guardian G |       |     1 |       ||     1
  Use: Scroll            |       |     6 |     1 ||     7
       Potion            |       |       |     3 ||     3
 Stab: Sleeping          |     3 |     2 |     1 ||     6
       Distracted        |     2 |       |     1 ||     3
  Eat: Chunk             |     5 |    11 |     4 ||    20
       Ration            |       |       |     1 ||     1
Armor: Robe              |    23 |    25 |    12 ||    60
Dodge: Dodged            |   111 |    64 |    42 ||   217
       Rpst.: Long sword |       |    10 |    14 ||    24
